 Dungeon Crawl Stone Soup version 0.18-a0-1692-g516f9e9 (webtiles) character file.

65 Kidiri the Magician (level 3, -2/20 HPs)
             Began as a Deep Elf Fire Elementalist on Apr 5, 2016.
             Slain by Grinder (4 damage)
             ... on level 3 of the Dungeon.
             The game lasted 00:14:35 (1655 turns).

Kidiri the Magician (Deep Elf Fire Elementalist)    Turns: 1655, Time: 00:14:35

Health: -2/20      AC:  2    Str:  5    XL:     3   Next: 92%
Magic:  7/10       EV: 13    Int: 25    God:
Gold:   96         SH:  0    Dex: 15    Spells: 4 memorised, 1 level left

rFire  . . .     SeeInvis .     h - +0 dagger
rCold  . . .     Gourm    .     a - +0 robe
rNeg   . . .     Faith    .     (no shield)
rPois  .         Spirit   .     (no helmet)
rElec  .         Dismiss  +     (no cloak)
rCorr  .         Reflect  .     (no gloves)
SustAt +         Harm     .     (no boots)
MR     .....                    o - amulet of dismissal
Stlth  ++........               (no ring)
                                q - ring of sustain attributes

@: brilliant, not resistant to hostile enchantments, unstealthy
A: no striking features
a: no special abilities


You were on level 3 of the Dungeon.
You were not hungry.

You visited 1 branch of the dungeon, and saw 3 of its levels.

You collected 96 gold pieces.

Inventory:

Hand Weapons
 h - a +0 dagger (weapon)
Armour
 a - a +0 robe (worn)
Jewellery
 o - an amulet of dismissal (around neck)
 q - a ring of sustain attributes (left hand)
Scrolls
 e - a scroll of enchant armour {unknown}
 j - a scroll of noise {unknown}
 p - 2 scrolls of remove curse {unknown}
Potions
 d - a potion of brilliance
 m - a potion of haste
Books
 b - a book of Flames

   Spells                             Type                      Level
   a - Flame Tongue                   Conjuration/Fire             1
   b - Throw Flame                    Conjuration/Fire             2
   c - Conjure Flame                  Conjuration/Fire             3
   d - Inner Flame                    Hexes/Fire                   3
   e - Sticky Flame                   Conjuration/Fire             4
   f - Fireball                       Conjuration/Fire             5
Comestibles
 c - 2 bread rations
 g - 2 fruits
 i - 2 meat rations
 k - 2 beef jerkies
 l - a royal jelly


   Skills:
 + Level 1.0 Fighting
 + Level 3.3 Dodging
 - Level 2.4 Stealth
 * Level 4.0 Spellcasting
 + Level 1.8 Conjurations
 + Level 0.0 Hexes
 + Level 3.6 Fire Magic


You had one spell level left.
You knew the following spells:

 Your Spells              Type           Power        Failure   Level  Hunger
a - Flame Tongue          Conj/Fire      ####.        1%          1    None
b - Throw Flame           Conj/Fire      ####..       1%          2    None
c - Conjure Flame         Conj/Fire      ####....     1%          3    ##.....
d - Inner Flame           Hex/Fire       ####....     1%          3    ##.....


Dungeon Overview and Level Annotations

Branches:
Dungeon (3/15)

Altars:
Pakellas

Annotations:
D:3 Grinder, Sigmund


Message History

Something hits you but does no damage.
Casting: Flame Tongue
Confirm with . or Enter, or press ? or * to list all spells.
Okay, then.
You hit something but do no damage. Pain shoots through your body!
* * * LOW HITPOINT WARNING * * *
Casting: Flame Tongue
Confirm with . or Enter, or press ? or * to list all spells.
You don't know that spell.
Unknown command.
Unknown command.
Unknown command.
Unknown command.
Unknown command.
Casting: Flame Tongue
Confirm with . or Enter, or press ? or * to list all spells.
Aiming: Flame Tongue
Press: ? - help, Shift-Dir - straight line The flame tongue hits something.
Something hits you.
You die...

#....... #.#####.
.....#.##....
#+##.....#.###.##
.........#.# #.## .
........#.# #.## ...
.......#.# #.##
.....###+##....(#.###.##
#.....@........#.......
#..####.#......#.....##
#...........'.....#
......#.....##.....#
..w.####..[).######.#
.### #.....# #.# #.....#
#.# ...##### #.# ....+


There were no monsters in sight!

Vanquished Creatures
  An adder (D:2)
  4 worms (D:2)
  3 dart slugs
  A giant gecko (D:1)
  A giant cockroach (D:1)
  7 goblins
  3 hobgoblins
  3 quokkas (D:2)
  A ball python (D:3)
  4 bats
  3 giant newts (D:2)
  3 kobolds
  3 rats
37 creatures vanquished.

Notes
Turn   | Place    | Note
--------------------------------------------------------------
     0 | D:1      | Kidiri the Deep Elf Fire Elementalist began the quest for the Orb.
     0 | D:1      | Reached XP level 1. HP: 10/10 MP: 6/6
   116 | D:1      | Reached XP level 2. HP: 15/15 MP: 5/8
   121 | D:1      | Learned a level 2 spell: Throw Flame
   839 | D:2      | Reached XP level 3. HP: 20/20 MP: 2/10
   844 | D:2      | Learned a level 3 spell: Conjure Flame
   848 | D:2      | Learned a level 3 spell: Inner Flame
  1346 | D:2      | Reached skill level 4 in Spellcasting
  1442 | D:2      | Found an oddly glowing altar of Pakellas.
  1578 | D:3      | Reached skill level 1 in Fighting
  1618 | D:3      | Noticed Sigmund
  1640 | D:3      | Noticed Grinder
  1652 | D:3      | HP: 1/20 [something/nerve-wracking pain (3)]
  1655 | D:3      | Slain by Grinder

Vault maps used:
D:1:      saegor_arrival_simple_a
D:2:      lemuel_round_altar
D:3:      grunt_temple_overflow_holy_war, lemuel_doored_altar, first_bread,
          minmay_divided_ellipse, uniq_grinder, uniq_jessica, uniq_sigmund

Skill      XL: |  1  2  3 |
---------------+----------+-----
Dodging        | 3 |  3.3
Spellcasting   | 4 |  4.0
Fighting       | 1 |  1.0
Stealth        | |  2.4
Conjurations   | |  1.8
Fire Magic     | |  3.6

Action                   || total
-------------------------++-------
Melee: Dagger            ||     6
 Cast: Flame Tongue      ||    49
       Throw Flame       ||    18
  Use: Scroll            ||     3
       Potion            ||     2
 Stab: Sleeping          ||     1
  Eat: Chunk             ||     3
